AoeStats
← AxD | Kurumi 002

Hideout

509758814Analyzed
1v1 RM · 5d ago on Sep 27, 2026· 110m 37s· 2 players
Game mode
Random Map
Map size
Tiny (2 player)
Population
200
Speed
Normal
Resources
Standard
Victory
Conquest
Starting age
Dark Age
Ending age
Imperial Age
RankedLock teamsTeams togetherTeam positionsShared explorationLock speedFull tech treeHidden civsTurbo modeCheats
Victory
Defeat
🇨🇴 Mongols · Colombia
1696
+10
🇸🇻 Koreans · El Salvador
1571
-10
xXxDstroyxXx
9:53 Feudal Age
14:55 Castle Age
13:00 Double-Bit Axe
13:55 Stone Mining
19:57 Horse Collar
20:09 Town Watch
20:16 Town Watch
21:17 Wheelbarrow
24:33 Hand Cart
24:27 Fletching
24:48 Loom
25:05 Town Patrol
25:33 Bodkin Arrow
27:14 Heavy Plow
27:26 Bow Saw
31:17 Imperial Age
30:22 Ballistics
31:39 Padded Archer Armor
31:59 Bracer
33:02 Chemistry
32:50 Thumb Ring
33:11 Parthian Tactics
32:57 Bloodlines
33:20 Elite Skirmisher
34:31 Conscription
36:52 Leather Archer Armor
41:43 Scale Barding Armor
41:48 Forging
42:16 Husbandry
42:45 Gold Mining
43:40 Chain Barding Armor
43:55 Iron Casting
42:42 Light Cavalry
44:40 Hussar
45:31 Elite Mangudai
47:53 Fortified Wall
47:54 Masonry
57:30 Hoardings
61:13 Blast Furnace
68:56 Capped Ram
72:47 Siege Ram
74:20 Drill
73:59 Onager
84:05 Siege Engineers
83:58 Murder Holes
92:01 Drill
104:26 Heavy Scorpion
107:07 Onager
AxD | Kurumi 002
10:30 Feudal Age
15:13 Castle Age
15:10 Double-Bit Axe
16:49 Bow Saw
19:53 Loom
19:54 Town Watch
22:26 Fletching
24:57 Bodkin Arrow
25:29 Horse Collar
26:51 Ballistics
29:32 Wheelbarrow
29:00 Heavy Plow
34:10 Imperial Age
32:39 Husbandry
34:11 Eupseong
34:10 Murder Holes
34:26 Masonry
33:57 Treadmill Crane
35:54 Chemistry
34:56 Bracer
36:10 Two-Man Saw
35:33 Elite War Wagon
36:36 Conscription
40:31 Elite Skirmisher
41:16 Thumb Ring
41:31 Siege Engineers
41:36 Fortified Wall
41:07 Treadmill Crane
41:14 Elite Fire Lancer
41:55 Squires
42:06 Forging
41:57 Scale Mail Armor
43:24 Hand Cart
43:09 Town Patrol
43:53 Masonry
44:24 Iron Casting
44:04 Chain Mail Armor
45:16 Chain Mail Armor
44:48 Arson
47:06 Plate Mail Armor
47:33 Pikeman
51:00 Architecture
52:15 Halberdier
57:16 Arrowslits
69:34 Gold Mining
86:29 Scale Barding Armor
86:26 Light Cavalry
87:35 Chain Barding Armor
87:58 Hussar
101:46 Capped Ram
Connection lost

Rejoining the realm…

Still unreachable

The connection could not be restored.

Session expired

The server has moved on; the page needs a fresh start.